 Dungeon Crawl Stone Soup version 0.31.0-32-g396128a36d (webtiles) character file.

Game seed: 1601712862429442084

112 adelrune the Trooper (level 4, -1/48 HPs)
             Began as an Oni Warper on Apr 3, 2024.
             Slain by Menkaure (22 damage)
             ... on level 4 of the Dungeon.
             The game lasted 00:05:34 (2165 turns).

adelrune the Trooper (Oni Warper)                   Turns: 2165, Time: 00:05:34

Health: -1/48      AC:  4    Str: 15    XL:     4   Next: 93%
Magic:  7/7        EV:  9    Int: 16    God:
Gold:   58         SH:  0    Dex:  8    Spells: 3/7 levels left

rFire   . . .        a - +0 mace
rCold   . . .        (no shield)
rNeg    . . .        b - +0 robe
rPois   .            (helmet restricted)
rElec   .            k - +0 cloak
rCorr   .            (gloves unavailable)
SInv    .            (boots unavailable)
Will    .....        (no amulet)
Stlth   +            (no ring)
HPRegen 0.28/turn    (no ring)
MPRegen 0.10/turn

%: no passive effects
@: no status effects
A: large, unfitting armour, horns 1, tough skin 1, double potion healing,
drunken brawling
a: no special abilities


You were on level 4 of the Dungeon.
You visited 1 branch of the dungeon, and saw 4 of its levels.

You collected 58 gold pieces.

Inventory:

Hand Weapons
 a - a +0 mace (weapon)
Missiles
 d - 7 darts of dispersal (quivered)
 e - 6 poisoned darts
Armour
 b - a +0 robe (worn)
 k - a +0 cloak (worn)
Jewellery
 u - a +6 ring of dexterity
Scrolls
 c - a scroll of blinking
 j - a scroll of fog {unknown}
 m - 3 scrolls of identify {unknown}
 o - 2 scrolls of amnesia {unknown}
 q - a scroll of teleportation {unknown}
 r - a scroll of revelation {unknown}
 s - 2 scrolls of enchant armour {unknown}
 t - 2 scrolls of noise {unknown}
 v - a scroll of acquirement {unknown}
Potions
 f - 2 potions of might {unknown}
 g - a potion of invisibility {unknown}
 h - a potion of magic {unknown}
 i - a potion of degeneration {unknown}
 l - a potion of resistance {unknown}
 n - a potion of mutation {unknown}
 p - 2 potions of curing {unknown}
 w - a potion of heal wounds {unknown}


   Skills:
 + Level 4.0 Fighting
 * Level 3.7 Maces & Flails
 - Level 1.0 Throwing
 - Level 2.1 Dodging
 - Level 2.4 Spellcasting
 + Level 3.3 Translocations


You had 3 spell levels left.
You knew the following spells:

 Your Spells              Type           Power      Damage    Failure   Level
a - Blink                 Tloc           24%        N/A       8%          2
b - Lesser Beckoning      Tloc           24%        N/A       8%          2

Your spell library contained the following spells:

 Spells                   Type           Power      Damage    Failure   Level
 Teleport Other           Tloc           12%        N/A       16%         3
 Shock                    Conj/Air       4%         1d3       21%         1
 Mercury Vapours          Alch/Air       2%         N/A       30%         2
 Mephitic Cloud           Conj/Alch/Air  1%         N/A       52%         3
 Swiftness                Air            1%         N/A       52%         3
 Manifold Assault         Tloc           12%        N/A       45%         4
 Vhi's Electric Charge    Tloc/Air       14%        N/A       69%         4
 Airstrike                Air            0%         2d(1-17)  89%         4
 Freezing Cloud           Conj/Ice/Air   0%         6-21      99%         5


Dungeon Overview and Level Annotations

Branches:
Dungeon (3/15)

Altars:

Annotations:
D:4 Menkaure


Innate Abilities, Weirdness & Mutations

You are too large for most types of armour.
You have a pair of small horns on your head.
You have tough skin. (AC +1)
You gain doubled healing and magic from potions.
Whenever you drink a healing potion, you attack all around you.


Message History

The goblin unwields a +0 sling.
The goblin wields a +0 club.
The goblin misses you.
You barely miss the goblin. The goblin closely misses you.
You hit the goblin.
You kill the goblin!
Things that are here:
a +0 club; a +0 sling You pick up a book of Air and begin reading...
You add the spells Shock, Swiftness and Airstrike to your library.
p - 2 green potions (gained 1)
You start memorising the spell.
You continue memorising. x2
You finish memorising.
Spell assigned to 'a'.
You start memorising the spell.
You continue memorising. x2
You finish memorising.
Spell assigned to 'b'.
Okay, then.
Unknown command.
HP restored.
You now have 58 gold pieces (gained 14).
o - 2 scrolls labelled GIVUUB VUEHU (gained 1)
w - a fizzy blue potion Menkaure, Prince of Dust comes into view.
Menkaure shouts!
Menkaure calls on the powers of darkness!
Your body is wracked with pain!
Menkaure points at you and mumbles some strange words.
Pain shoots through your body!
You hit Menkaure.
Menkaure is lightly damaged.
Menkaure closely misses you.
You sock Menkaure! You punch Menkaure, but do no damage.
Menkaure is heavily damaged.
Menkaure points at you and mumbles some strange words.
Pain shoots through your body!
You hit Menkaure but do no damage. You headbutt Menkaure.
Menkaure is heavily damaged.
Menkaure barely misses you.
You hit Menkaure.
Menkaure is severely damaged.
Menkaure hits you!!
You die...

....##.............#
#.........###......#
###.#.....# #......#
......###.###......##
##..### #...####....#
#.## ###...##.##.# ##.#
###..#.##..# ...#
##....##.#.. ........#
###@.......
#######..........M...#..
##...........#
##........#.#
#........#... #...?....#
## #........# #.........


You could see Menkaure.

Vanquished Creatures
  2 adders
  2 dart slugs (D:2)
  4 orcs (D:3)
  4 ball pythons
  3 endoplasms
  3 giant cockroaches (D:1)
  5 goblins
  5 hobgoblins
  11 jackals
  9 kobolds
  4 quokkas
  6 bats
  2 frilled lizards
  20 rats
80 creatures vanquished.

Notes
Turn   | Place    | Note
-------+----------+-------------------------------------------
     0 | D:1      | adelrune the Oni Warper began the quest for the Orb.
     0 | D:1      | Reached XP level 1. HP: 22/22 MP: 3/3
   102 | D:1      | Reached XP level 2. HP: 28/29 MP: 5/5
   114 | D:1      | Reached skill level 3 in Fighting
   453 | D:1      | Reached XP level 3. HP: 34/37 MP: 6/6
  1117 | D:2      | Reached XP level 4. HP: 45/45 MP: 7/7
  1227 | D:2      | Identified the +0 short sword of the Fulmar {freeze, ^Drain
                  | rElec rC++ Dex+2}
  2072 | D:3      | Reached skill level 4 in Fighting
  2073 | D:3      | You fall into a shaft and drop 1 floor!
  2102 | D:4      | Learned a level 2 spell: Blink
  2105 | D:4      | Learned a level 2 spell: Lesser Beckoning
  2152 | D:4      | Noticed Menkaure
  2165 | D:4      | Slain by Menkaure

Illustrated notes

Levels and vault maps discovered:
D:1:      psy_arrival_conway, layout_basic, minmay_box_of_dots
D:2:      layout_basic, minmay_rat_hole
D:3:      layout_rooms, serial_shops, shop, shop, shop, shop, uniq_natasha
D:4:      layout_rooms, kennysheep_boxes, uniq_menkaure

Skill      XL: |  1  2  3  4 |
---------------+-------------+-----
Fighting       | 3 4 |  4.0
Translocations | 3 |  3.3
Maces & Flails | 3 |  3.7
Throwing       | |  1.0
Dodging        | |  2.1
Spellcasting   | |  2.4

Action                     |  1- 3 |  4- 6 || total
---------------------------+-------+-------++-------
  Melee: Mace              |   109 |   103 ||   212
         Headbutt          |    12 |    12 ||    24
         Punch             |     1 |     1 ||     2
   Stab: Sleeping          |     1 |       ||     1
 Armour: Robe              |    80 |    82 ||   162
  Dodge: Dodged            |    53 |    70 ||   123
